 Dungeon Crawl Stone Soup version 0.31.0-11-ge490571c62 (webtiles) character file.

Game seed: 12710853144274173214

3789 browni3141 the Cleaver (level 9, -4/76 (82) HPs)
             Began as a Minotaur Fighter on Jan 28, 2024.
             Was a Priest of Okawaru.
             Killed by divine providence
             ... invoked by Jeremiah
              (14 damage)
             ... on level 8 of the Dungeon.
             The game lasted 00:05:48 (7366 turns).

browni3141 the Cleaver (Minotaur Fighter)           Turns: 7366, Time: 00:05:49

HP:   -4/76 (82)    AC: 22    Str: 25    XL:     9   Next: 95%
MP:   8/8           EV: 10    Int:  5    God:    Okawaru [***...]
Gold: 39            SH:  5    Dex: 10    Spells: 8/8 levels left

rFire   . . .        a - +0 war axe
rCold   . . .        c - +0 buckler
rNeg    . . .        Q - +0 ring mail
rPois   .            (helmet restricted)
rElec   .            I - +1 cloak
rCorr   .            R - +2 pair of gloves of Sunlight {Harm}
SInv    .            g - +0 pair of boots
Will    .....        q - amulet of faith Stlth
                     J - +4 ring of protection
HPRegen 0.32/turn    s - +4 ring of protection
MPRegen 0.11/turn

%: harm (+30% outgoing, +20% incoming), faith
@: drained
A: horns 2, retaliatory headbutt
a: Renounce Religion, Heroism


You were on level 8 of the Dungeon.
You worshipped Okawaru.
Okawaru was most pleased with you.
You visited 1 branch of the dungeon, and saw 8 of its levels.
You also visited: Sewer and Ossuary.

You collected 456 gold pieces.
You spent 417 gold pieces at shops.

Inventory:

Hand Weapons
 a - a +0 war axe (weapon)
Missiles
 K - 5 boomerangs (quivered)
Armour
 b - a +0 scale mail
 c - a +0 buckler (worn)
 g - a +0 pair of boots (worn)
 h - a +0 pair of gloves
 t - a +0 chain mail
 I - a +1 cloak (worn)
 P - a +1 chain mail of poison resistance
 Q - a +0 ring mail (worn)
 R - the +2 pair of gloves of Sunlight (worn) {Harm}
   (You bought it in a shop on level 8 of the Dungeon)

   Harm:      It increases damage dealt and taken.
Jewellery
 l - a ring of poison resistance
 q - an amulet of faith (around neck)
 s - a +4 ring of protection (right hand)
 v - an amulet of regeneration
 J - a +4 ring of protection (left hand)
 N - a ring of protection from cold
Wands
 i - a wand of paralysis (9)
 E - a wand of roots (12)
 O - a wand of flame (18)
Scrolls
 e - 2 scrolls of amnesia
 f - a scroll of poison
 j - 4 scrolls of teleportation
 m - 3 scrolls of enchant armour
 n - 3 scrolls of vulnerability
 p - 3 scrolls of fear
 x - a scroll of summoning
 y - a scroll of fog
 G - a scroll of blinking
 H - 2 scrolls of revelation
 L - a scroll of acquirement {unknown}
Potions
 d - 4 potions of might
 k - a potion of brilliance
 o - 2 potions of enlightenment
 r - 2 potions of cancellation
 u - a potion of attraction
 w - a potion of ambrosia
 z - 4 potions of magic
 A - 4 potions of curing {unknown}
 B - 2 potions of heal wounds {unknown}
 C - a potion of resistance {unknown}
 D - a potion of invisibility {unknown}
 F - a potion of lignification {unknown}
 M - a potion of degeneration {unknown}


   Skills:
 + Level 8.5 Fighting
 * Level 11.1 Axes
 + Level 8.5 Armour
 + Level 8.5 Shields


You had 8 spell levels left.
You didn't know any spells.
Your spell library contained the following spells:

 Spells                   Type           Power      Damage    Failure   Level
 Hailstorm                Conj/Ice       0%         3d5       95%         3
 Summon Small Mammal      Summ           Unusable   N/A       N/A         1
 Call Canine Familiar     Summ           Unusable   N/A       N/A         3
 Summon Ice Beast         Ice/Summ       Unusable   N/A       N/A         3
 Summon Blazeheart Golem  Fire/Summ      Unusable   N/A       N/A         4
 Sculpt Simulacrum        Ice/Alch       Unusable   N/A       N/A         6

Dungeon Overview and Level Annotations

Branches:
Dungeon (8/15)             Temple (0/1) D:6           Sewer (visited)
Ossuary (visited)
   Lair: D:8-11

Altars:
Cheibriados
Fedhas
Makhleb
Okawaru
Qazlal
Ru
Trog
Vehumet
Xom
Zin

Shops:
D:5 *   D:8 [

Annotations:
D:8 Jeremiah


Innate Abilities, Weirdness & Mutations

You have a pair of horns on your head.
You reflexively headbutt those who attack you in melee.


Message History

The butterfly disappears in a burst of colours!
You hit the butterfly.
You kill the butterfly!
The butterfly disappears in a burst of colours!
You slash the butterfly!
You kill the butterfly!
The butterfly disappears in a burst of colours!
Jeremiah hops!
The teleport trap disappears.
The butterfly disappears!
The butterfly disappears in a burst of colours!
Jeremiah shouts, "O dreadful one, destroy my foe!"
Something smites you! Jeremiah completely misses you.
The butterfly disappears in a burst of colours!
Jeremiah hops!
The butterfly disappears in a burst of colours!
Jeremiah barely misses you.
Jeremiah cries, "Fearful master, protect me!"
Something smites you!
Failed to move towards target.
Failed to move towards target.
Failed to move towards target.
You slash the butterfly!
You kill the butterfly!
The butterfly disappears in a burst of colours!
You completely miss the butterfly.
The butterfly disappears in a burst of colours!
Jeremiah barely misses you.
You slice the butterfly!!
You kill the butterfly!
The butterfly disappears in a burst of colours!
You closely miss the butterfly. x2; Jeremiah barely misses you.
You hit the butterfly.
You kill the butterfly!
The butterfly disappears in a burst of colours!
You slash the butterfly!
You kill the butterfly!
The butterfly disappears in a burst of colours! x3
Jeremiah hits you but does no damage.
You feel drained.
You barely miss the butterfly. You slash the butterfly!
You kill the butterfly!
The butterfly disappears in a burst of colours! x2
Jeremiah hops!
You gain the combat prowess of a mighty hero.
The butterfly disappears in a burst of colours!
Jeremiah shouts, "O dreadful one, destroy my foe!"
Something smites you!
The butterfly disappears in a burst of colours! x2
You block Jeremiah's attack.
You barely miss the butterfly. You slash the butterfly!
You kill the butterfly!
The butterfly disappears in a burst of colours!
You hit the butterfly.
You kill the butterfly!
The butterfly disappears in a burst of colours! x2
You block Jeremiah's attack.
You miss the butterfly. You hit the butterfly.
You kill the butterfly!
The butterfly disappears in a burst of colours!
You miss the butterfly. You miss the butterfly.
You completely miss the butterfly.
Jeremiah hops!
You hit the butterfly.
You kill the butterfly!
The butterfly disappears in a burst of colours!
You slash the butterfly!
You kill the butterfly!
The butterfly disappears in a burst of colours!
You miss the butterfly. You hit the butterfly.
You kill the butterfly!
The butterfly disappears in a burst of colours!
Jeremiah shouts, "O dreadful one, destroy my foe!"
Something smites you!
You closely miss the butterfly. You headbutt the butterfly.
You kill the butterfly!
The butterfly disappears in a burst of colours!
Jeremiah hops!
You feel like a meek peon again.
The butterfly disappears in a burst of colours!
Unknown command.
Jeremiah hops!
The butterfly disappears in a burst of colours! x2
You see here a black bear corpse.
The butterfly disappears in a burst of colours! x3
The butterfly disappears in a burst of colours! x2
Jeremiah hops!
The butterfly disappears in a burst of colours! x2
The butterfly disappears in a burst of colours!
Jeremiah shouts, "O dreadful one, destroy my foe!"
Something smites you!
The butterfly disappears in a burst of colours! x2
Jeremiah says, "Oh, this is an awfully strange dream."
Jeremiah throws their arms up pleadingly.
Something smites you!
Jeremiah hops!
Jeremiah hits you from afar with a +2 trident of draining.
You feel drained.
Jeremiah throws their arms up pleadingly.
Something smites you!
You die...
Jeremiah asks, "What happened?
Did... did you die?"

.# #b##.......# .#
#..........# .#
#.b..####### .#
#...b# .# # #....# .#
#.##F.b.# ##
#....b..# ####b#.##
#..@##### #
#######.....## ..
##............##
#.##..............#
#.....P..........>#
####.P∩........######
..#..PP..............
#.#......############
#.#...#...#


You could see Jeremiah.

Vanquished Creatures
  Maurice (D:7)
  Eustachio (D:5)
  2 steam dragons
  Menkaure (D:5)
  Duvessa (D:7)
  An orc warrior (D:6)
  A sky beast (D:6)
  A black bear (D:8)
  2 ice beasts
  2 ogres (D:5)
  3 phantoms
  An elf zombie (Ossuary)
  2 kobold brigands
  A bullfrog (D:7)
  2 scorpions (D:5)
  4 wights (D:7)
  Dowan (D:7)
  3 hounds
  6 human zombies (Ossuary)
  2 jellies
  3 bombardier beetles
  Crazy Yiuf (D:5)
  3 sleepcaps
  6 iguanas
  2 orc wizards (D:7)
  A hell rat (Sewer)
  Ijyb (D:5)
  2 crocodile zombies (Ossuary)
  A bullfrog simulacrum (Ossuary)
  A spectral hound (Ossuary)
  3 mummies (Ossuary)
  6 adders
  10 gnolls
  7 river rats
  3 hound simulacra (Ossuary)
  2 shadow imps (D:6)
  4 ufetubi (D:5)
  2 spectral adders (Ossuary)
  2 spectral gnolls (Ossuary)
  5 dart slugs
  3 ribbon worms
  2 adder simulacra (Ossuary)
  15 orcs
  3 endoplasms
  12 giant cockroaches
  6 goblins
  12 hobgoblins
  13 quokkas
  6 ball pythons
  7 bats
  5 frilled lizards
  4 gnoll simulacra (Ossuary)
  7 gnoll zombies (Ossuary)
  A jackal simulacrum (Ossuary)
  9 kobolds
  6 kobold zombies (Ossuary)
  3 orc zombies (Ossuary)
  19 rats
  4 spectral jackals (Ossuary)
240 creatures vanquished.

Vanquished Creatures (others)
  A goblin (D:4)
1 creature vanquished.

Grand Total: 241 creatures vanquished

Notes
Turn   | Place    | Note
-------+----------+-------------------------------------------
     0 | D:1      | browni3141 the Minotaur Fighter began the quest for the
                  | Orb.
     0 | D:1      | Reached XP level 1. HP: 19/19 MP: 0/0
   635 | D:1      | Reached XP level 2. HP: 27/27 MP: 1/1
   901 | D:2      | Reached skill level 3 in Axes
  1085 | D:2      | Noticed a glass eye
  1095 | D:2      | Noticed a great orb of eyes
  1097 | D:2      | Found a faded altar of an unknown god.
  1098 | D:2      | Noticed an eye of devastation
  1098 | D:2      | Noticed a golden eye
  1135 | D:2      | Reached XP level 3. HP: 33/33 MP: 2/2
  1565 | D:3      | Reached XP level 4. HP: 26/40 MP: 3/3
  1570 | D:3      | Reached skill level 4 in Axes
  1753 | D:3      | Reached XP level 5. HP: 46/47 MP: 4/4
  2407 | D:4      | Identified the +2 leather armour "Fany" {rElec Will-
                  | Stlth+}
  2813 | D:4      | Reached skill level 5 in Axes
  2860 | D:4      | Found a shimmering altar of Xom.
  2865 | D:4      | Reached XP level 6. HP: 54/55 MP: 5/5
  2877 | D:4      | Reached skill level 5 in Armour
  3020 | D:4      | Reached skill level 5 in Fighting
  3020 | D:4      | Reached skill level 5 in Shields
  3349 | D:5      | Entered Level 5 of the Dungeon
  3349 | D:5      | Noticed Eustachio
  3371 | D:5      | Killed Eustachio
  3372 | D:5      | Reached skill level 6 in Axes
  3372 | D:5      | Reached XP level 7. HP: 48/61 MP: 6/6
  3559 | D:5      | Found a glowing drain.
  3579 | Sewer    | Entered a sewer
  3782 | D:5      | Noticed Ijyb
  3783 | D:5      | Paralysed by Ijyb for 3 turns
  3789 | D:5      | Paralysed by Ijyb for 5 turns
  3795 | D:5      | Killed Ijyb
  3796 | D:5      | Reached skill level 7 in Axes
  3833 | D:5      | Found Mink's General Store.
  3867 | D:5      | Found an iron altar of Okawaru.
  3867 | D:5      | Found a glowing silver altar of Zin.
  3870 | D:5      | Became a worshipper of Warmaster Okawaru
  3894 | D:5      | Noticed Menkaure
  3902 | D:5      | Killed Menkaure
  3904 | D:5      | Found a sand-covered staircase.
  3915 | Ossuary  | Entered an ossuary
  4105 | Ossuary  | Reached XP level 8. HP: 70/70 MP: 7/7
  4341 | Ossuary  | Reached skill level 8 in Axes
  4351 | Ossuary  | Reached * piety under Okawaru
  4527 | D:5      | Bought a scroll of blinking for 90 gold pieces
  4527 | D:5      | Bought a scroll of revelation for 90 gold pieces
  4760 | D:5      | Reached skill level 9 in Axes
  5106 | D:5      | Found a runed translucent door.
  5107 | D:5      | Noticed Crazy Yiuf
  5115 | D:5      | Killed Crazy Yiuf
  5227 | D:6      | Reached XP level 9. HP: 76/79 MP: 8/8
  5273 | D:6      | Reached ** piety under Okawaru
  5464 | D:6      | Found a blossoming altar of Fedhas.
  5687 | D:6      | Found a staircase to the Ecumenical Temple.
  6037 | D:7      | Reached skill level 10 in Axes
  6215 | D:7      | Noticed Maurice
  6222 | D:7      | Reached *** piety under Okawaru
  6241 | D:7      | Something stole a ring of protection from cold
  6243 | D:7      | Something stole 5 boomerangs
  6244 | D:7      | Something stole 200 gold
  6267 | D:7      | Killed Maurice
  6568 | D:7      | Found a snail-covered altar of Cheibriados.
  6624 | D:7      | Found a stormy altar of Qazlal.
  6643 | D:7      | Noticed Duvessa
  6643 | D:7      | Noticed Dowan
  6651 | D:7      | Killed Duvessa
  6652 | D:7      | Reached skill level 11 in Axes
  6657 | D:7      | Killed Dowan
  6693 | D:7      | Found a sacrificial altar of Ru.
  6784 | D:7      | Found a burning altar of Makhleb.
  6900 | D:7      | Found a bloodstained altar of Trog.
  7154 | D:8      | Found a radiant altar of Vehumet.
  7278 | D:8      | Found Lasutom's Antique Armour Boutique.
  7287 | D:8      | Bought a pair of brightly glowing gloves for 237 gold
                  | pieces
  7287 | D:8      | Identified the +2 pair of gloves of Sunlight {Harm} (You
                  | bought it in a shop on level 8 of the Dungeon)
  7320 | D:8      | Noticed Jeremiah
  7366 | D:8      | Killed from afar by Jeremiah

Illustrated notes

Levels and vault maps discovered:
D:1:      lightli_arrival_farm, layout_basic
D:2:      layout_basic, hellmonk_ecumenical_altar_watching_god
D:3:      minmay_roachtagon, layout_rooms, serial_rivers,
          chequers_serial_rivers_micro_b, chequers_serial_rivers_room_a,
          chequers_serial_rivers_micro_d, chequers_serial_rivers_micro_a
D:4:      layout_basic, xom_confusion_cloud
D:5:      lemuel_ratsnest, layout_gridville, mainiacjoe_overflow_divided_tiny,
          serial_shops, shop, nicolae_ossuary_entry_monument,
          gup_sewer_entry_bubbles, minmay_diced_spiral, uniq_ijyb,
          uniq_eustachio, uniq_menkaure, uniq_crazy_yiuf_cottage
D:6:      layout_loops_ring, mainiacjoe_overflow_tiny_flanked,
          minmay_temple_entry_stoned_glass
D:7:      layout_loops_ring, mainiacjoe_overflow_alcove_1,
          nicolae_overflow_quartered_altars, minmay_misc_feat_chi, uniq_maurice,
          uniq_duvessa
D:8:      layout_basic, vehumet_crystals, serial_shops,
          nicolae_shop_overgrown_old_shop, uniq_maggie, uniq_jeremiah,
          uniq_prince_ribbit1

Skill      XL: |  1  2  3  4  5  6  7  8  9 |
---------------+----------------------------+-----
Axes           | 3 4 5 6 7 9 11 | 11.1
Armour         | 4 5 6 7 8 |  8.5
Fighting       | 4 5 6 7 8 |  8.5
Shields        | 4 5 6 7 8 |  8.5

Action                     |  1- 3 |  4- 6 |  7- 9 || total
---------------------------+-------+-------+-------++-------
  Melee: War axe           |    77 |   117 |   458 ||   652
         Headbutt          |     8 |    17 |    82 ||   107
  Throw: Throwing net      |       |     1 |     1 ||     2
         Boomerang         |       |       |     2 ||     2
 Invoke: Heroism           |       |       |     1 ||     1
  Evoke: Wand              |       |       |     1 ||     1
    Use: Scroll            |       |       |    14 ||    14
   Stab: Paralysed         |       |       |     3 ||     3
 Armour: Scale mail        |    54 |    33 |       ||    87
         Chain mail        |       |    63 |   341 ||   404
         Ring mail         |       |       |     7 ||     7
  Dodge: Dodged            |    42 |    58 |   145 ||   245
  Block: Buckler           |    18 |    29 |   109 ||   156
